 Dungeon Crawl Stone Soup version 0.22-a0-776-ge6d7efa (webtiles) character file.

8817 iamserjio the Covert (level 11, -2/54 HPs)
             Began as a Spriggan Enchanter on July 18, 2018.
             Was an Elder of Yredelemnul.
             Shot with a bolt by an orc warrior (27 damage)
             ... in a bailey.
             The game lasted 00:57:16 (17897 turns).

iamserjio the Covert (Spriggan Enchanter)          Turns: 17897, Time: 00:57:17

Health: -2/54      AC:  5    Str:  4    XL:     11   Next: 14%
Magic:  22/24      EV: 29    Int: 18    God:    Yredelemnul [****..]
Gold:   705        SH:  7    Dex: 19    Spells: 9/26 levels left

rFire    . . .     SeeInvis +   x - +1 dagger (venom)
rCold    + . .     Gourm    .   o - +0 buckler of Ziuremauma {*Drain rN++}
rNeg     + + .     Faith    .   T - +2 robe {rC+}
rPois    .         Spirit   .   (helmet restricted)
rElec    .         Reflect  +   u - +0 cloak
rCorr    .         Harm     .   (gloves unavailable)
MR       ++...                  (boots unavailable)
Stlth    ++++++....             M - +2 amulet of reflection (curse)
HPRegen  0.18/turn              E - ring of protection from magic
MPRegen  0.19/turn              r - ring of stealth

@: very quick
A: very small, unfitting armour, see invisible, herbivore, speed 3, slow
metabolism 2
a: Recall Undead Slaves, Injury Mirror, Animate Dead, Drain Life, Renounce
Religion


You were in a bailey.
You worshipped Yredelemnul.
Yredelemnul was greatly pleased with you.
You were near starving.

You visited 1 branch of the dungeon, and saw 12 of its levels.
You also visited: Bailey.

You collected 705 gold pieces.

Inventory:

Hand Weapons
 c - a +1 dagger of freezing
 f - a +4 scimitar of flaming
 t - a +3 quarterstaff of chaos
 x - a +1 dagger of venom (weapon)
 A - a +0 dagger of flaming
 C - the +7 sceptre of Torment
   (You found it in a bailey)
 L - a +0 triple crossbow
 Q - a +1 war axe of distortion
 V - a +0 long sword of draining
Missiles
 b - 104 bolts
 h - 145 arrows
 O - 5 tomahawks (quivered)
Armour
 m - a +0 troll leather armour
 o - the +0 buckler of Ziuremauma (worn) {*Drain rN++}
   (You found it on level 5 of the Dungeon)

   It greatly protects you from negative energy.
   It causes draining when unequipped.
 u - a +0 cloak (worn)
 T - a +2 robe of cold resistance (worn)
Jewellery
 q - an uncursed ring of protection from cold
 r - a ring of stealth (right hand)
 D - a +2 ring of dexterity {unknown}
 E - a ring of protection from magic (left hand)
 M - a cursed +2 amulet of reflection (around neck)
 N - an uncursed ring of resist corrosion
Wands
 l - a wand of polymorph (13)
 I - a wand of acid (6)
 J - a wand of flame (23)
 Y - a wand of random effects (44)
Scrolls
 e - 3 scrolls of enchant armour
 g - 3 scrolls of amnesia
 i - a scroll of immolation
 j - 5 scrolls of enchant weapon {unknown}
 k - 3 scrolls of remove curse {@r2}
 n - 5 scrolls of blinking
 s - 3 scrolls of fog {unknown}
 v - 2 scrolls of fear {unknown}
 w - 2 scrolls of magic mapping {unknown}
 y - 7 scrolls of teleportation {unknown}
 H - a scroll of torment {unknown}
 K - 2 scrolls of brand weapon {unknown}
Potions
 a - a potion of resistance {unknown}
 p - 3 potions of curing {@q1}
 z - 4 potions of heal wounds
 B - 2 potions of haste
 G - 2 potions of agility
 P - 2 potions of cancellation
 U - a potion of brilliance {unknown}
 W - a potion of lignification
 X - a potion of berserk rage {unknown}
Comestibles
 d - 9 rations


   Skills:
 + Level 4.5 Fighting
 + Level 7.3 Short Blades
 + Level 12.3 Dodging
 + Level 12.6 Stealth
 + Level 8.2 Spellcasting
 + Level 7.6 Hexes
 - Level 2.1 Charms
 + Level 3.6 Invocations


You had 9 spell levels left.
You knew the following spells:

 Your Spells              Type           Power        Failure   Level  Hunger
a - Corona                Hex            ####...      1%          1    None
b - Confuse               Hex            ####....     1%          3    #......
c - Tukima's Dance        Hex            ####....     1%          3    #......
d - Blink                 Tloc           N/A          24%         2    None
e - Ensorcelled Hibernat  Hex/Ice        ###...       4%          2    None
f - Slow                  Hex            ####....     1%          2    None
g - Song of Slaying       Chrm           ##......     11%         2    None
h - Shroud of Golubria    Chrm/Tloc      ##........   16%         2    None

Your spell library contained the following spells:

 Spells                   Type           Power        Failure   Level  Hunger
 Magic Dart               Conj           #...         16%         1    None
 Conjure Flame            Conj/Fire      #.......     43%         3    #......
 Mephitic Cloud           Conj/Pois/Air  #.......     43%         3    #......
 Call Imp                 Summ           #.......     24%         2    None
 Regeneration             Chrm/Necr      ##........   30%         3    #......
 Dazzling Spray           Conj/Hex       ###...       10%         3    #......
 Infusion                 Chrm           ##..         7%          1    None
 Spectral Weapon          Hex/Chrm       ###.....     6%          3    #......


Dungeon Overview and Level Annotations

Branches:
Dungeon (12/15)            Temple (0/1) D:6            Lair (0/6) D:9
    Orc: D:9-12

Altars:
Ashenzari
Cheibriados
Dithmenos
Elyvilon
Fedhas
Gozag
Hepliaklqana
Kikubaaqudgha
Nemelex Xobeh
Qazlal
Sif Muna
Trog
Uskayaw
Xom
Yredelemnul
The Shining One

Annotations:
D:5 2 transporters
D:9 2 runed doors, EnegeticOcto's ghost, novice DDFi


Innate Abilities, Weirdness & Mutations

You are very small and have problems with some larger weapons.
You are too small for most types of armour.
You have supernaturally acute eyesight. (SInv)
You are a herbivore.
You cover ground extremely quickly.
You need to consume almost no food.


Message History

The orc warrior appears confused.
The orc warrior mumbles something.
Things that are here:
an arbalest; a scale mail You are too injured to fight recklessly!
You are too injured to fight recklessly!
You are too injured to fight recklessly!
You are too injured to fight recklessly!
The orc warrior laughs at nothing.
You see here a bolt.
The orc warrior shouts!
You hit the orc warrior but do no damage.
The orc warrior is poisoned.
You hit the orc warrior.
The orc warrior looks as sick as possible!
The orc warrior is lightly wounded.
The orc warrior shoots a bolt.
The bolt hits you!!
Ouch! That really hurt!
You die...
Your body rises from the dead as a mindless zombie.

..........................
.........o.................
............................
.............................
..............................
..............................
.....≈≈≈≈≈.....o...........≈≈≈
....≈≈#.#≈≈....(.)........≈≈#.#
....≈##.##≈.....@.........≈##.##≈
....≈..^..≈.........(.....≈o.^..≈
....≈##.∩#≈...............≈#∩.##≈
....≈≈#(#≈≈....#######....≈≈#)#≈≈
.....≈≈≈≈≈.....##....##(...≈≈≈≈≈.
...............##.....##.........
...............##'''#..##........
...........##..##∩.∩##..#........
...........##.####'####.##(......


You could see 2 orc warriors.

Vanquished Creatures
  An orc knight (Bailey)
  A manticore (D:7)
  An efreet (D:11)
  A troll (D:11)
  A slime creature (D:7)
  A hippogriff (D:9)
  A spriggan (D:7)
  3 wraiths
  3 wyverns
  Grum (D:9)
  An acid dragon (D:11)
  12 orc warriors
  A sky beast (D:6)
  An ice beast (D:7)
  3 phantoms
  6 ogres
  3 centaurs
  A wolf (D:9)
  2 bullfrogs
  4 gnoll sergeants (D:10)
  2 scorpions
  2 wights (D:9)
  4 killer bees (D:9)
  7 howler monkeys
  6 crimson imps
  2 quasits
  3 human zombies (D:9)
  Crazy Yiuf (D:2)
  11 hounds
  4 jellies (D:7)
  12 orc priests
  A bullfrog skeleton (D:10)
  2 gnoll shamans
  7 iguanas
  7 orc wizards
  3 human skeletons (D:9)
  4 worker ants
  A killer bee zombie (D:7)
  A mummy (D:9)
  3 worker ant zombies
  11 gnolls
  13 adders
  2 shadow imps
  17 oozes
  4 adder zombies
  An adder skeleton (D:3)
  2 worms
  5 leopard geckos
  41 orcs
  5 giant cockroaches
  7 hobgoblins
  19 jackals
  8 kobolds
  6 quokkas
  A ball python (D:5)
  5 bats
  8 frilled lizards
  11 goblins
  A jackal skeleton (D:6)
  A jackal zombie (D:5)
  A leopard gecko skeleton (D:4)
  An orc skeleton (D:9)
  6 rats
307 creatures vanquished.

Vanquished Creatures (collateral kills)
  A wolf (D:9)
  A bullfrog (D:10)
  A gnoll sergeant (D:10)
  A bullfrog zombie (D:9)
  8 hounds (D:10)
  An adder (D:9)
  8 gnolls (D:10)
  3 orcs (D:9)
  2 jackals (D:10)
26 creatures vanquished.

Vanquished Creatures (others)
  A mummy (D:10)
  3 orcs (Bailey)
  4 fungi (D:7)
  4 plants (D:9)
12 creatures vanquished.

Grand Total: 345 creatures vanquished

Notes
Turn   | Place    | Note
-------+----------+-------------------------------------------
     0 | D:1      | iamserjio the Spriggan Enchanter began the quest for the Orb.
     0 | D:1      | Reached XP level 1. HP: 9/9 MP: 5/5
   299 | D:1      | You fall through a shaft!
   336 | D:2      | Found a shadowy altar of Dithmenos.
   338 | D:2      | Found a snail-covered altar of Cheibriados.
   353 | D:2      | Reached XP level 2. HP: 13/13 MP: 6/6
  1597 | D:1      | Found an ornate altar of the Wu Jian Council.
  1607 | D:1      | Found an opulent altar of Gozag.
  1607 | D:1      | Found a white marble altar of Elyvilon.
  1609 | D:1      | Found an ancient bone altar of Kikubaaqudgha.
  1609 | D:1      | Found a shimmering altar of Xom.
  1609 | D:1      | Found a shadowy altar of Dithmenos.
  1740 | D:2      | Reached XP level 3. HP: 16/16 MP: 8/8
  2461 | D:2      | Learned a level 3 spell: Confuse
  2465 | D:2      | Learned a level 3 spell: Tukima's Dance
  2562 | D:2      | Reached skill level 5 in Stealth
  3175 | D:2      | Reached XP level 4. HP: 17/21 MP: 3/9
  3535 | D:2      | Found a runed door.
  3539 | D:2      | Noticed Crazy Yiuf
  3593 | D:2      | Killed Crazy Yiuf
  4276 | D:3      | Reached skill level 5 in Dodging
  4276 | D:3      | Reached XP level 5. HP: 12/24 MP: 2/11
  4830 | D:4      | Found a bloodstained altar of Trog.
  4841 | D:4      | Found a sparkling altar of Nemelex Xobeh.
  5017 | D:4      | Found a stormy altar of Qazlal.
  5720 | D:4      | Found a hazy altar of Hepliaklqana.
  5971 | D:5      | Entered Level 5 of the Dungeon
  5973 | D:5      | Reached XP level 6. HP: 28/28 MP: 12/12
  6204 | D:5      | Found a glowing golden altar of the Shining One.
  6264 | D:5      | Found a transporter.
  6269 | D:5      | Found a transporter.
  6269 | D:5      | Noticed a hungry ghost
  6278 | D:5      | Noticed a basilisk
  6280 | D:5      | Found a hide-covered altar of Uskayaw.
  6302 | D:5      | Got a faintly humming buckler
  6785 | D:5      | Reached skill level 5 in Hexes
  7015 | D:5      | Reached XP level 7. HP: 32/32 MP: 3/14
  7042 | D:5      | Found an opulent altar of Gozag.
  7042 | D:5      | Found a faded altar of an unknown god.
  7047 | D:5      | Found a faded altar of an unknown god.
  7052 | D:5      | Found a basalt altar of Yredelemnul.
  7053 | D:5      | Found a shattered altar of Ashenzari.
  7059 | D:5      | Became a worshipper of Yredelemnul the Dark
  7419 | D:3      | Learned a level 2 spell: Blink
  7422 | D:3      | Learned a level 2 spell: Ensorcelled Hibernation
  7425 | D:3      | Learned a level 2 spell: Slow
  7725 | D:6      | Reached skill level 1 in Fighting
  8285 | D:6      | Reached XP level 8. HP: 35/37 MP: 15/15
  8598 | D:6      | Found a staircase to the Ecumenical Temple.
  8717 | D:7      | Reached * piety under Yredelemnul
  8719 | D:7      | Reached skill level 5 in Spellcasting
  8725 | D:7      | Noticed a slime creature
  9307 | D:7      | Found a blossoming altar of Fedhas.
  9936 | D:7      | Killed a slime creature
  9936 | D:7      | Reached skill level 5 in Short Blades
 10030 | D:7      | Reached XP level 9. HP: 27/43 MP: 6/20
 10241 | D:7      | Noticed a manticore
 10390 | D:7      | Reached ** piety under Yredelemnul
 11250 | D:7      | Killed a manticore
 11864 | D:8      | Found a glowing golden altar of the Shining One.
 12083 | D:8      | Reached skill level 10 in Dodging
 12163 | D:8      | Identified the +0 buckler of Ziuremauma {*Drain rN++} (You found it on level 5 of the Dungeon)
 12266 | D:9      | Reached skill level 10 in Stealth
 12310 | D:9      | Noticed Grum
 12345 | D:9      | Killed Grum
 12516 | D:9      | Reached *** piety under Yredelemnul
 12760 | D:9      | Reached XP level 10. HP: 32/49 MP: 16/23
 12874 | D:9      | Found a staircase to the Lair.
 12937 | D:9      | Found a runed door.
 12937 | D:9      | Noticed a sixfirhy
 13259 | D:9      | Received a gift from Yredelemnul (5 flying skulls)
 13506 | D:9      | Reached skill level 1 in Invocations
 13521 | D:9      | Found a deep blue altar of Sif Muna.
 13675 | D:9      | Found a basalt altar of Yredelemnul.
 13786 | D:9      | Received a gift from Yredelemnul (a mummy)
 14104 | D:9      | Found a runed door.
 14106 | D:9      | Noticed EnegeticOcto's ghost (novice DDFi)
 14200 | D:10     | Entered Level 10 of the Dungeon
 14263 | D:10     | Received a gift from Yredelemnul (a wight)
 14648 | D:10     | Reached **** piety under Yredelemnul
 14826 | D:10     | Received a gift from Yredelemnul (a wraith)
 15227 | D:11     | Learned a level 2 spell: Song of Slaying
 15562 | D:11     | Reached skill level 1 in Charms
 16854 | D:11     | Learned a level 2 spell: Shroud of Golubria
 16897 | D:12     | Found a flagged portal.
 16908 | D:12     | Got an iridescent halberd
 16911 | Bailey   | Entered a bailey
 17225 | Bailey   | Reached XP level 11. HP: 54/54 MP: 24/24
 17528 | Bailey   | Found the +7 sceptre of Torment
 17572 | Bailey   | Noticed an orc knight
 17611 | Bailey   | Killed an orc knight
 17897 | Bailey   | Shot with a bolt by an orc warrior

Vault maps used:
D:1:      dpeg_arrival_tiny_a, doesnt_xom_only_xom
D:2:      chequers_temple_overflow_statue_of_worship, serial_glass,
          glass_columns_c, glass_columns_c, glass_columns_a, glass_columns_c,
          glass_columns_c, glass_columns_a, minivault_11,
          guppyfry_early_orc_mine, uniq_crazy_yiuf_cottage
D:3:      serial_undead, serial_undead_c, serial_undead_a, serial_undead_a,
          serial_undead_e
D:4:      overflow_temple_1_default, kennysheep_little_box,
          lemuel_crystal_altar, kennysheep_mini_moat, first_ration
D:5:      gammafunk_temple_overflow_arena, chequers_temple_overflow_minitemple,
          basic_altar
D:6:      minmay_temple_entry_glass
D:7:      lemuel_slime, kennysheep_mini, the_bakery
D:8:      basic_altar
D:9:      cheibrodos_shockbox, old_standard_altar, lair_entry_dummy,
          ebering_ghost_funeral_grove, lemuel_mausoleum_altar_yredelemnul,
          uniq_grum
D:10:     serial_gnoll_camp, gnoll_camp_mini_hut, gnoll_camp_mini_basic,
          gnoll_camp_huts_basic, gnoll_camp_mini_house,
          gnoll_camp_mini_doghouse, grums_kennel, st_stairs_12
D:12:     orc_0_dummy, serial_shops, shop, enter_bailey_2, minmay_fountain_box,
          uniq_urug
Bailey:   bailey_polearm_2, bailey

Skill      XL: |  1  2  3  4  5  6  7  8  9 10 |
---------------+-------------------------------+-----
Spellcasting   | 3 4 6 8 |  8.2
Dodging        | 4 5 6 8 9 10 12 | 12.3
Hexes          | 4 5 6 7 |  7.6
Stealth        | 5 6 7 8 10 12 | 12.6
Short Blades   | 2 3 4 5 6 7 |  7.3
Fighting       | 1 2 4 |  4.5
Invocations    | 3 |  3.6
Charms         | 2 |  2.1

Action                   |  1- 3 |  4- 6 |  7- 9 | 10-12 || total
-------------------------+-------+-------+-------+-------++-------
Melee: Dagger            |   242 |   313 |   746 |   548 ||  1849
 Fire: Hunting sling     |       |       |     4 |       ||     4
Throw: Stone             |     5 |     1 |       |       ||     6
       Tomahawk          |       |       |       |     1 ||     1
 Cast: Corona            |     9 |       |       |       ||     9
       Confuse           |     5 |    49 |    93 |    66 ||   213
       Ensorcelled Hiber |       |       |    20 |     5 ||    25
Invok: Recall Undead Sla |       |       |       |     2 ||     2
Evoke: Wand              |       |       |     1 |     3 ||     4
  Use: Potion            |     3 |       |       |     1 ||     4
       Scroll            |       |     8 |     2 |     2 ||    12
 Stab: Sleeping          |     6 |    11 |    24 |    26 ||    67
       Distracted        |     1 |       |     1 |     4 ||     6
       Confused          |     2 |    19 |    46 |    42 ||   109
  Eat: Ration            |       |     4 |     6 |     3 ||    13
Armor: Robe              |    14 |    19 |    33 |    11 ||    77
       Skin              |    12 |       |       |       ||    12
Dodge: Dodged            |   174 |   257 |   508 |   310 ||  1249
Block: Buckler           |       |       |    18 |   168 ||   186
       Reflection        |       |       |       |    16 ||    16

Table legend:
 A = Spawn XP
 B = Non-spawn XP
 C = Spawn XP percentage of total XP
 D = Spawn monster count
 E = Non-spawn monster count
 F = Spawn count percentage of total count
 G = Total turns spent on level
                    A         B        C        D         E        F      G
               +---------+---------+-------+---------+---------+-------+---------
         Total |       0 |   12597 |   0.0 |       0 |     336 |   0.0 | 17897
               +---------+---------+-------+---------+---------+-------+---------
           D:1 |       0 |      38 |   0.0 |       0 |      25 |   0.0 |  1809
           D:2 |       0 |     123 |   0.0 |       0 |      23 |   0.0 |  2309
           D:3 |       0 |      58 |   0.0 |       0 |      18 |   0.0 |   812
           D:4 |       0 |     210 |   0.0 |       0 |       8 |   0.0 |  1324
           D:5 |       0 |     499 |   0.0 |       0 |      23 |   0.0 |  1412
           D:6 |       0 |     758 |   0.0 |       0 |      21 |   0.0 |  1165
           D:7 |       0 |    1990 |   0.0 |       0 |      43 |   0.0 |  2542
           D:8 |       0 |     860 |   0.0 |       0 |      27 |   0.0 |   791
           D:9 |       0 |    3092 |   0.0 |       0 |      61 |   0.0 |  2042
          D:10 |       0 |    1217 |   0.0 |       0 |      45 |   0.0 |  1002
          D:11 |       0 |    1808 |   0.0 |       0 |      19 |   0.0 |  1689
          D:12 |       0 |      37 |   0.0 |       0 |       1 |   0.0 |    14
        Bailey |       0 |    1907 |   0.0 |       0 |      22 |   0.0 |   986
               +---------+---------+-------+---------+---------+-------+---------
